 Dungeon Crawl Stone Soup version 0.30-a0-585-g93115170b9 (webtiles) character file.

Game seed: 24123705616106857

9188 Decipherer the Basher (level 11, -6/102 HPs)
             Began as a Minotaur Berserker on Jan 2, 2023.
             Was an Elder of Trog.
             Mangled by a boulder beetle (45 damage)
             ... on level 11 of the Dungeon.
             The game lasted 00:13:10 (8303 turns).

Decipherer the Basher (Minotaur Berserker)          Turns: 8303, Time: 00:13:11

Health: -6/102     AC:  6    Str: 31    XL:     11   Next: 19%
Magic:  10/10      EV: 15    Int:  4    God:    Trog [****..]
Gold:   467        SH:  0    Dex: 15    Spells: 10/10 levels left

rFire   + + .      SeeInvis +    H - +7 mace "Goblinbane" {freeze, rF+ Dex+3 SInv}
rCold   + . .      Faith    .    (no shield)
rNeg    . . .      Spirit   .    v - +2 robe of the Bulwark {Drain +Inv Str+7 Archmagi}
rPois   .          Reflect  .    (helmet restricted)
rElec   .          Harm     .    q - scarf {rC+ rF+}
rCorr   .          Rampage  .    (no gloves)
Will    .....      Archmagi +    f - +0 pair of boots {Stlth+}
Stlth   ++++                     (no amulet)
HPRegen 0.37/turn                (no ring)
MPRegen 0.12/turn                (no ring)

@: on berserk cooldown, slowed, very slow
A: horns 2, retaliatory headbutt
a: Renounce Religion, Evoke Invisibility, Berserk, Trog's Hand, Brothers in Arms


You were on level 11 of the Dungeon.
You worshipped Trog.
Trog was greatly pleased with you.
You visited 1 branch of the dungeon, and saw 11 of its levels.
You also visited: Bailey.

You collected 593 gold pieces.
You spent 126 gold pieces at shops.

Inventory:

Hand Weapons
 A - a +4 dire flail of freezing
 H - the +7 mace "Goblinbane" (weapon) {freeze, rF+ Dex+3 SInv}
   (You found it in a bailey)

   It freezes those it strikes, dealing additional cold damage.
   It can also slow down cold-blooded creatures.
   Dex:       It affects your dexterity (+3).
   rF:        It protects you from fire.
   SInv:      It lets you see invisible.
Missiles
 m - 25 boomerangs
 s - 17 poisoned darts
 w - 3 javelins
 I - 3 datura-tipped darts
Armour
 d - a +0 chain mail
 f - a +0 pair of boots of stealth (worn)
 q - a scarf of resistance (worn)
 v - the +2 robe of the Bulwark (worn) {Drain +Inv Str+7 Archmagi}
   (You found it on level 5 of the Dungeon)

   Str:       It affects your strength (+7).
   +Inv:      It lets you turn invisible.
   Drain:     It drains your maximum health when unequipped.
   Archmagi:  It increases the power of your magical spells.
Scrolls
 a - 4 scrolls of teleportation
 b - 2 scrolls of brand weapon
 c - 3 scrolls of summoning
 e - a scroll of enchant armour
 h - 6 scrolls of blinking
 j - a scroll of silence
 p - 2 scrolls of vulnerability
 r - a scroll of magic mapping
 t - a scroll of fog
 y - 2 scrolls of noise {unknown}
 z - 2 scrolls of fear
 C - 2 scrolls of enchant weapon {unknown}
 D - 2 scrolls of immolation {unknown}
Potions
 g - 2 potions of mutation {unknown}
 i - 2 potions of invisibility
 k - 2 potions of brilliance
 l - a potion of flight
 n - 3 potions of curing
 o - 2 potions of haste {unknown}
 u - a potion of degeneration {unknown}
 x - a potion of attraction {unknown}
 B - a potion of heal wounds
 E - a potion of lignification {unknown}
 F - 2 potions of might
 G - a potion of experience


   Skills:
 + Level 11.1 Fighting
 + Level 14.1 Maces & Flails
 + Level 8.1 Armour
 + Level 6.1 Dodging
 + Level 4.6 Stealth


You had 10 spell levels left.
You didn't know any spells.
Your spell library contained the following spells:

 Spells                   Type           Power      Damage    Failure   Level
 Foxfire                  Conj/Fire      0%         2x1d4     50%         1
 Magic Dart               Conj           0%         1d3       50%         1
 Sandblast                Erth           0%         2d4       50%         1
 Blink                    Tloc           0%         N/A       65%         2
 Call Imp                 Summ           0%         N/A       65%         2
 Momentum Strike          Conj/Tloc      0%         3d8       65%         2
 Passwall                 Tmut/Erth      0%         N/A       65%         2
 Frozen Ramparts          Ice            0%         1d1       86%         3
 Gell's Gravitas          Tloc           0%         N/A       86%         3
 Lesser Beckoning         Tloc           0%         N/A       86%         3
 Mephitic Cloud           Conj/Pois/Air  0%         N/A       86%         3
 Stone Arrow              Conj/Erth      0%         3d7       86%         3
 Teleport Other           Tloc           0%         N/A       86%         3
 Ice Form                 Ice/Tmut       0%         N/A       99%         4
 Summon Ice Beast         Ice/Summ       0%         N/A       99%         4
 Fireball                 Conj/Fire      0%         3d3       100%        5
 Starburst                Conj/Fire      0%         6d3       100%        6


Dungeon Overview and Level Annotations

Branches:
Dungeon (11/15)            Temple (0/1) D:7          Bailey (visited)
   Lair: D:8-11         Orc: D:9-12

Altars:
The Shining One

Shops:
D:8 [


Innate Abilities, Weirdness & Mutations

You have a pair of horns on your head.
You reflexively headbutt those who attack you in melee.


Message History

You headbutt the boulder beetle.
The boulder beetle is heavily wounded.
You thump the boulder beetle! You freeze the boulder beetle.
You headbutt the boulder beetle!
The boulder beetle is almost dead.
The killer bee closely misses you.
The boulder beetle leaps!
The killer bee closely misses you.
You sock the killer bee! You freeze the killer bee.
Your headbutt misses the killer bee.
The killer bee is severely wounded.
The killer bee stings you.
The boulder beetle leaps!
You sock the killer bee! You freeze the killer bee.
You kill the killer bee!
Trog accepts your kill.
The boulder beetle curls into a ball and begins rolling!
You feel a strong urge to attack something.
You are no longer berserk.
You are exhausted.
You feel yourself slow down.
You aren't carrying any items that you can evoke.
You hit the boulder beetle but do no damage.
You headbutt the boulder beetle!
The boulder beetle is almost dead.
The boulder beetle hits you!!
* * * LOW HITPOINT WARNING * * *
The boulder beetle stops rolling and uncurls.
You feel much better.
The boulder beetle leaps!
The boulder beetle curls into a ball and begins rolling!
The boulder beetle closely misses you.
The boulder beetle stops rolling and uncurls.
You hit the boulder beetle but do no damage.
The boulder beetle is almost dead.
The boulder beetle bites you.
You barely miss the boulder beetle.
You headbutt the boulder beetle, but do no damage.
The boulder beetle is almost dead.
The boulder beetle leaps!
The boulder beetle curls into a ball and begins rolling!
The boulder beetle hits you!!!
You die...

### ..# ######..
#...... . ##!##.. ..
..## #..##.# #...
.....###..##@#.....
.............B°°°...
##..#<............
#.....##......##
#..##†###..#.... #..
#†# ..#.### ##. ...
..# # #y##.## ### ..
...


You could see a boulder beetle (rolling).

Vanquished Creatures
  2 two-headed ogres
  Amaemon (D:10)
  An orange demon (D:10)
  A kobold demonologist (D:9)
  Maggie (D:7)
  A hornet (D:8)
  A shadow (D:10)
  Sigmund (D:3)
  4 yaks (D:10)
  2 wyverns
  A wraith (D:9)
  A steam dragon (D:9)
  A water moccasin (D:6)
  2 black bears
  4 ice beasts
  A sky beast (D:6)
  5 orc warriors
  3 ogres (D:5)
  3 centaurs
  A phantom (D:3)
  4 kobold brigands
  2 bullfrogs (D:8)
  2 scorpions
  4 wights
  13 killer bees
  A howler monkey (D:7)
  7 hounds
  2 jellies
  9 orc priests
  A gnoll bouda (D:7)
  Jessica (D:2)
  4 iguanas
  6 orc wizards
  3 adders
  9 gnolls
  A shadow imp (D:4)
  A white imp (D:7)
  An ufetubus (D:5)
  A worm (D:4)
  4 dart slugs
  31 orcs
  5 bats
  3 endoplasms
  2 giant cockroaches
  7 hobgoblins
  3 quokkas
  8 ball pythons
  2 frilled lizards (D:3)
  10 goblins
  22 kobolds
  7 rats
213 creatures vanquished.

Vanquished Creatures (collateral kills)
  An orc warlord (Bailey)
  A hobgoblin (Bailey)
2 creatures vanquished.

Vanquished Creatures (others)
  An orc (D:7)
  3 plants (D:7)
4 creatures vanquished.

Grand Total: 219 creatures vanquished

Notes
Turn   | Place    | Note
-------+----------+-------------------------------------------
     0 | D:1      | Decipherer the Minotaur Berserker began the quest for the
                  | Orb.
     0 | D:1      | Reached XP level 1. HP: 19/19 MP: 0/0
   360 | D:1      | Reached XP level 2. HP: 25/27 MP: 1/1
   479 | D:1      | Reached skill level 4 in Maces & Flails
   482 | D:1      | Found a faded altar of an unknown god.
   814 | D:2      | Noticed Jessica
   819 | D:2      | Killed Jessica
   820 | D:2      | Reached XP level 3. HP: 31/34 MP: 2/2
   925 | D:2      | Reached ** piety under Trog
  1126 | D:2      | Reached XP level 4. HP: 41/41 MP: 3/3
  1280 | D:2      | Reached skill level 5 in Fighting
  1569 | D:3      | Reached skill level 5 in Maces & Flails
  1580 | D:3      | Reached XP level 5. HP: 39/48 MP: 4/4
  1642 | D:3      | Noticed Sigmund
  1654 | D:3      | Killed Sigmund
  1655 | D:3      | Reached skill level 6 in Maces & Flails
  1655 | D:3      | Reached XP level 6. HP: 56/56 MP: 5/5
  2373 | D:4      | Reached *** piety under Trog
  2394 | D:4      | Identified the +4 dagger "Wycoeseq" {freeze, +Blink rN++}
  2436 | D:4      | Reached skill level 7 in Maces & Flails
  2517 | D:4      | Reached XP level 7. HP: 62/62 MP: 6/6
  2612 | D:4      | Reached skill level 5 in Armour
  2825 | D:5      | Entered Level 5 of the Dungeon
  2908 | D:5      | Reached skill level 8 in Maces & Flails
  2909 | D:5      | Identified the +2 robe of the Bulwark {Drain +Inv Str+7
                  | Archmagi}
  3151 | D:5      | Reached XP level 8. HP: 30/71 MP: 7/7
  3157 | D:5      | Reached skill level 1 in Stealth
  3336 | D:5      | Reached skill level 9 in Maces & Flails
  3924 | D:6      | Found a glowing golden altar of the Shining One.
  4288 | D:6      | Reached skill level 10 in Maces & Flails
  4288 | D:6      | Reached XP level 9. HP: 60/81 MP: 8/8
  4763 | D:7      | Noticed Maggie
  4780 | D:7      | Killed Maggie
  4781 | D:7      | Reached **** piety under Trog
  4795 | D:7      | Reached skill level 11 in Maces & Flails
  4801 | D:7      | Found a staircase to the Ecumenical Temple.
  5600 | D:8      | Found Kohane's Armour Shop.
  5607 | D:8      | Bought a +0 pair of boots of stealth for 126 gold pieces
  6195 | D:9      | Reached skill level 12 in Maces & Flails
  6324 | D:9      | Identified the +4 sling "Demonslayer" {flame, *Slow rC+
                  | rCorr Int+4}
  6339 | D:9      | Reached XP level 10. HP: 91/91 MP: 9/9
  6667 | D:9      | Noticed a two-headed ogre
  6678 | D:9      | Killed a two-headed ogre
  6916 | D:10     | Entered Level 10 of the Dungeon
  6916 | D:10     | Noticed a two-headed ogre
  6938 | D:10     | Killed a two-headed ogre
  6939 | D:10     | Reached skill level 10 in Fighting
  6939 | D:10     | Reached skill level 13 in Maces & Flails
  6939 | D:10     | Reached skill level 5 in Dodging
  6996 | D:10     | Found a flagged portal.
  7008 | Bailey   | Entered a bailey
  7013 | Bailey   | Noticed an orc warlord
  7115 | Bailey   | Found a runed translucent gate.
  7115 | Bailey   | Found a runed translucent gate.
  7115 | Bailey   | Found a runed translucent gate.
  7373 | Bailey   | Killed an orc warlord
  7413 | Bailey   | Identified the +7 mace "Goblinbane" {freeze, rF+ Dex+3
                  | SInv}
  7792 | D:10     | Reached XP level 11. HP: 60/101 MP: 10/10
  8125 | D:10     | Noticed Amaemon
  8139 | D:10     | Killed Amaemon
  8140 | D:10     | Reached skill level 14 in Maces & Flails
  8267 | D:11     | Noticed a boulder beetle
  8303 | D:11     | Mangled by a boulder beetle

Illustrated notes

Levels and vault maps discovered:
D:1:      erik_arrival_triangle_large, layout_loops_ring,
          nicolae_ecumenical_snake_handling, chequers_serial_rivers_micro_d
D:2:      layout_loops_ring, kennysheep_small_spiral, uniq_jessica
D:3:      cheibrodos_pilgrimage, layout_basic, uniq_sigmund
D:4:      cheibrodos_quashed, layout_basic, kennysheep_nub, minmay_diced_spiral
D:5:      layout_basic, st_stairs_1
D:6:      layout_cave_pools, tso_altar, grunt_ministairs_4
D:7:      layout_gridville, minmay_temple_entry_gardened_gates,
          minmay_fractal_squares_5, uniq_maggie
D:8:      layout_gridville, serial_shops, shop, grunt_ministairs_10,
          kennysheep_path_1
D:9:      layout_roguey, minmay_misc_feat_roman, nicolae_figureground_sparkle
D:10:     layout_basic, enter_bailey_2, uniq_amaemon
D:11:     minmay_spotlight, layout_basic, minmay_lair_entry_grove, serial_shops,
          kennysheep_mini_moat, minmay_bent

Skill      XL: |  1  2  3  4  5  6  7  8  9 10 11 |
---------------+----------------------------------+-----
Fighting       | 4 5 6 7 9 10 11 | 11.1
Maces & Flails | 4 5 6 7 8 10 12 13 14 | 14.1
Armour         | 3 4 6 7 8 |  8.1
Stealth        | 1 2 4 |  4.6
Dodging        | 4 5 6 |  6.1

Action                   |  1- 3 |  4- 6 |  7- 9 | 10-12 || total
-------------------------+-------+-------+-------+-------++-------
Melee: Mace              |    55 |    28 |       |    20 ||   103
       Headbutt          |     3 |    14 |    31 |    25 ||    73
       Morningstar       |       |    55 |   111 |       ||   166
       Punch             |       |     1 |     1 |       ||     2
       Dire flail        |       |       |    94 |   117 ||   211
Invok: Berserk           |       |     2 |     6 |     7 ||    15
       Brothers in Arms  |       |       |       |     2 ||     2
  Use: Potion            |     1 |     4 |     4 |     2 ||    11
       Scroll            |       |     3 |     5 |     3 ||    11
 Stab: Sleeping          |       |       |     4 |     1 ||     5
       Distracted        |       |       |       |     1 ||     1
Armor: Chain mail        |    35 |    55 |    51 |       ||   141
       Robe              |       |       |    17 |    14 ||    31
Dodge: Dodged            |    25 |    34 |   114 |    87 ||   260

Table legend: (Time is in decaauts)
 A = Elapsed time spent in this place.
 B = Non-inter-level travel time spent in this place.
 C = Inter-level travel time spent in this place.
 D = Time resting spent in this place.
 E = Time spent auto-exploring this place.
 F = Levels seen in this place.
 G = Mean time per level.
                   A        B        C        D        E       F      G
               +--------+--------+--------+--------+--------+-----+--------+
         Total |   8383 |   8106 |    277 |      0 |   6745 |  12 |  698.6 |
       Dungeon |   7952 |   7675 |    277 |      0 |   6480 |  11 |  722.9 |
        Bailey |    431 |    431 |      0 |      0 |    265 |   1 |  431.0 |
               +--------+--------+--------+--------+--------+-----+--------+

Top non-repeatable levels by time:
     D:5: 1052 daAuts
     D:6: 968 daAuts
     D:3: 938 daAuts
    D:10: 924 daAuts
     D:8: 808 daAuts
     D:1: 781 daAuts
     D:9: 732 daAuts
     D:2: 676 daAuts
     D:7: 567 daAuts
     D:4: 472 daAuts
  Bailey: 431 daAuts
    D:11: 31 daAuts
